 Dungeon Sprint DCSS version 0.30-a0-883-g5ad918d77d (webtiles) character file.

Game seed: 10891514548339974419

7 BigDaddyOpFi the Magician (level 2, -1/21 HPs)
             Began as a Djinni Earth Elementalist on Mar 17, 2023.
             Was a Follower of Qazlal.
             Slain by an orc
             ... wielding a +0 hand axe
              (5 damage)
             ... while paralysed by a floating eye
             ... in the Dungeon (Sprint VII: "The Pits").
             The game lasted 00:00:36 (223 turns).

BigDaddyOpFi the Magician (DjEE)                     Turns: 223, Time: 00:00:37

Health: -1/21      AC:  2    Str:  7    XL:     2   Next: 5%
Gold:   0          EV:  2    Int: 16    God:    Qazlal [*.....] SH:  0 Dex: 13

rFire   + + .      SeeInvis .    h - +2 mace
rCold   x . .      Faith    .    (no shield)
rNeg    . . .      Spirit   .    a - +0 robe
rPois   ∞          Reflect  .    (no helmet)
rElec   .          Rampage  .    (no cloak)
rCorr   .          NoTele   +    (no gloves)
Will    .....                    (boots unavailable)
Stlth   ++                       (no amulet)
HPRegen 0.23/turn                (no ring)
MPRegen 0.00/turn                (no ring)

@: paralysed, flying
A: sickness immunity, fire resistance 2, cold vulnerability 1, float, innate
caster, HP casting, extra vitality 1
a: Renounce Religion


You were in the Dungeon.
You worshipped Qazlal.
Qazlal was aware of your devotion.
You visited 1 branch

Inventory:

Hand Weapons
 h - a +2 mace (weapon)
Armour
 a - a +0 robe (worn)
Scrolls
 f - a scroll of blinking
Potions
 b - a potion of curing
 c - a potion of heal wounds
 d - a potion of haste
 e - 3 potions of berserk rage
 g - 2 potions of invisibility


   Skills:
 + Level 2.9 Dodging
 + Level 2.2 Stealth
 * Level 2.9 Spellcasting
 * Level 1.4 Invocations


You knew the following spells:

 Your Spells              Type           Power      Damage    Failure   Level
a - Sandblast             Erth           22%        2d7       5%          1
b - Passwall              Tmut/Erth      9%         N/A       9%          2
c - Stone Arrow           Conj/Erth      22%        3d8       17%         3
d - Petrify               Tmut/Erth      11%        N/A       50%         4
Your spell library was empty.

Dungeon Overview and Level Annotations

Branches:
Dungeon (1/1)

Altars:
Ashenzari
Cheibriados
Dithmenos
Elyvilon
Fedhas
Gozag
Hepliaklqana
Makhleb
Nemelex Xobeh
Okawaru
Qazlal
Ru
Trog
Uskayaw
Wu Jian
Xom
Yredelemnul
Zin
The Shining One
Jiyva
Lugonu


Innate Abilities, Weirdness & Mutations

You are immune to sickness and miasma.
You are immune to poison.
Your flesh is very heat resistant. (rF++)
You are vulnerable to cold. (rC-)
You float through the air rather than walking.
You learn spells naturally, not from books.
Your magical power is your life essence.
You have superior vitality. (+4 MHP)


Message History

You suddenly lose the ability to move!
The floating eye's view fixates on you. The orc hits you with a +0 hand axe.
The orc barely misses you. The orc hits you with a +0 hand axe.
You can move again.
Aiming: Sandblast (safe; 5% risk of failure)
Press: ? - help, Q - select action, (/) - cycle Shift-Dir - straight line, f/p - orc
Aim: an orc, wielding a +0 hand axe and wearing a +0 scale mail (moderately wounded, 84% to hit)
The blast of sand hits the orc but does no damage.
The orc is moderately wounded.
The orc closely misses you. The orc hits you with a +0 hand axe.
The floating eye gazes piercingly through you!
You shrug off the repeated paralysis!
Your magical contamination has completely faded away.
Aiming: Sandblast (safe; 5% risk of failure)
Press: ? - help, Q - select action, (/) - cycle Shift-Dir - straight line, f/p - orc
Aim: an orc, wielding a +0 hand axe and wearing a +0 scale mail (moderately wounded, 84% to hit)
The blast of sand hits the orc but does no damage.
The orc is moderately wounded.
The orc hits you with a +0 hand axe.
You closely miss the orc.
The orc is moderately wounded.
The orc closely misses you.
You closely miss the orc.
The orc is moderately wounded.
The orc misses you. The orc closely misses you.
You hit the orc.
The orc is severely wounded.
The orc barely misses you.
You barely miss the orc.
The orc is severely wounded.
The floating eye's stare focuses on you.
The orc hits you with a +0 hand axe. You block the orc's attack.
The floating eye gazes piercingly through you!
You suddenly lose the ability to move!
The orc hits you with a +0 hand axe. x2
* * * LOW HITPOINT WARNING * * *
The orc hits you with a +0 hand axe.
You die...

#_________.#
#_______...###########+
##########'##..........
#.?(!')))'.##......#..#
##########.##..........
#...........'..........
#+#####'#####......#..#
#..#..#..##..........
#.Go@.†..#####'#####+
##+####+###.......#
#.......# #.......#
#...<...# #.......#
#.......# #.......#
#########


You could see a floating eye and an orc.

Vanquished Creatures
  A hobgoblin (D)
  3 jackals (D)
  A kobold (D)
  A rat (D)
6 creatures vanquished.

Notes
Turn   | Place    | Note
-------+----------+-------------------------------------------
     0 | D        | BigDaddyOpFi the Djinni Earth Elementalist began the quest
                  | for the Orb.
     0 | D        | BigDaddyOpFi set off with the following spells memorised:
                  | Sandblast, Passwall, Stone Arrow, Petrify.
     0 | D        | Reached XP level 1. HP: 15/15 MP: 0/0
    14 | D        | Found a bloodstained altar of Trog.
    14 | D        | Found a viscous altar of Jiyva.
    14 | D        | Found a hazy altar of Hepliaklqana.
    14 | D        | Found an opulent altar of Gozag.
    15 | D        | Found a glowing golden altar of the Shining One.
    15 | D        | Found a glowing silver altar of Zin.
    15 | D        | Found a basalt altar of Yredelemnul.
    15 | D        | Found a shimmering altar of Xom.
    15 | D        | Found an ornate altar of the Wu Jian Council.
    15 | D        | Found a sacrificial altar of Ru.
    15 | D        | Found a stormy altar of Qazlal.
    15 | D        | Found an iron altar of Okawaru.
    15 | D        | Found a sparkling altar of Nemelex Xobeh.
    15 | D        | Found a burning altar of Makhleb.
    15 | D        | Found a blossoming altar of Fedhas.
    15 | D        | Found a white marble altar of Elyvilon.
    15 | D        | Found a shadowy altar of Dithmenos.
    15 | D        | Found a snail-covered altar of Cheibriados.
    16 | D        | Found a corrupted altar of Lugonu.
    17 | D        | Found a hide-covered altar of Uskayaw.
    17 | D        | Found a broken altar of Ashenzari.
    20 | D        | Became a worshipper of Qazlal Stormbringer
   160 | D        | Reached * piety under Qazlal
   161 | D        | Reached skill level 1 in Invocations
   163 | D        | Reached XP level 2. HP: 11/21 MP: 0/0
   208 | D        | Noticed a floating eye
   211 | D        | Paralysed by a floating eye for 4 turns
   220 | D        | Paralysed by a floating eye for 4 turns
   223 | D        | Slain by an orc

Illustrated notes

Levels and vault maps discovered:
D:        pitsprint [storerooms_1, entrance_room_1, metal_vault_5, armoury_1,
          mini_pit_1, grid_room_1, main_hall_1, silver_pit, the_coven_2,
          the_vestibule_1, steel_vault_4, golden_pit, hallway_of_sentries,
          crystal_vault_2, iron_vault_3, final_vault]

Skill      XL: |  1 |
---------------+----+-----
Stealth        | 2 |  2.2
Invocations    | 1 |  1.4
Dodging        | |  2.9
Spellcasting   | |  2.9

Action                     || total
---------------------------++-------
  Melee: Mace              ||     4
   Cast: Sandblast         ||    12
 Armour: Robe              ||     1
  Dodge: Dodged            ||    11
  Block: Other             ||     1

Table legend: (Time is in decaauts)
 A = Elapsed time spent in this place.
 B = Non-inter-level travel time spent in this place.
 C = Inter-level travel time spent in this place.
 D = Time resting spent in this place.
 E = Time spent auto-exploring this place.
 F = Levels seen in this place.
 G = Mean time per level.
                   A        B        C        D        E       F      G
               +--------+--------+--------+--------+--------+-----+--------+
         Total |    230 |    230 |      0 |    143 |      0 |   1 |  230.0 |
       Dungeon |    230 |    230 |      0 |    143 |      0 |   1 |  230.0 |
               +--------+--------+--------+--------+--------+-----+--------+

Top non-repeatable levels by time:
       D: 230 daAuts
